 Dungeon Crawl Stone Soup version 0.22.0-25-g7663229 (webtiles) character file.

4581 Kelyas the Destroyer (level 10, -20/100 HPs)
             Began as a Demonspawn Fire Elementalist on Aug 20, 2018.
             Was an Initiate of Vehumet.
             Killed from afar by Erica (21 damage)
             ... with a bolt of poison
             ... on level 8 of the Dungeon.
             The game lasted 00:38:26 (10858 turns).

Kelyas the Destroyer (DsFE)                        Turns: 10858, Time: 00:38:27

Health: -20/100    AC:  4    Str: 14    XL:     10   Next: 18%
Magic:  8/18       EV: 14    Int: 19    God:    Vehumet [......]
Gold:   610        SH:  8    Dex: 14    Spells: 12/20 levels left

rFire    + . .     SeeInvis .   w - +3 war axe (chop)
rCold    . . .     Gourm    .   (no shield)
rNeg     + . .     Faith    .   K - +0 robe {rN+}
rPois    .         Spirit   .   (helmet restricted)
rElec    .         Reflect  +   p - scarf {repulsion}
rCorr    .         Harm     .   j - +1 pair of gloves
MR       +....                  (no boots)
Stlth    ..........             l - +4 amulet of reflection
HPRegen  0.26/turn              e - ring of fire
MPRegen  0.16/turn              F - ring of protection from magic

@: berserking (expiring), lethally poisoned (-20 -> -29), very slightly
contaminated, hasted, repel missiles, very quick
A: claws 2, horns 1, large bone plates 1, cold resistance 1, foul stench 1, rot
immunity, subdued magic 1
a: Renounce Religion


You were on level 8 of the Dungeon.
You worshipped Vehumet.
Vehumet was noncommittal.
You were hungry.

You visited 2 branches of the dungeon, and saw 9 of its levels.
You also visited: Ossuary.

You collected 610 gold pieces.

Inventory:

Hand Weapons
 d - a +3 dagger
 w - a +3 war axe of chopping (weapon)
Missiles
 x - 24 poisoned needles
Armour
 j - a +1 pair of gloves (worn)
 n - a +2 robe
 p - a scarf of repulsion (worn)
 z - a +1 cloak
 K - a +0 robe of positive energy (worn)
 P - a +0 buckler
Jewellery
 e - a ring of fire (left hand)
 l - a +4 amulet of reflection (around neck)
 D - an uncursed ring of poison resistance
 F - a ring of protection from magic (right hand)
 M - an uncursed amulet of magic regeneration {unknown}
Wands
 a - a wand of acid (4)
 k - a wand of paralysis (28)
 v - a wand of disintegration (18)
Scrolls
 b - a scroll of fear
 f - 2 scrolls of magic mapping
 q - 3 scrolls of remove curse
 t - a scroll of amnesia
 y - a scroll of enchant armour
 H - a scroll of teleportation
Potions
 g - a potion of might
 h - 3 potions of heal wounds
 i - a potion of mutation
 o - 3 potions of curing
 s - 2 potions of lignification
 C - 5 potions of cancellation
Comestibles
 c - 6 rations


   Skills:
 - Level 2.0 Fighting
 - Level 4.4 Dodging
 - Level 1.7 Stealth
 + Level 2.7 Shields
 + Level 5.9 Spellcasting
 * Level 8.7 Conjurations
 * Level 8.4 Fire Magic


You had 12 spell levels left.
You knew the following spells:

 Your Spells              Type           Power        Failure   Level  Hunger
a - Flame Tongue          Conj/Fire      #####        1%          1    None
b - Throw Flame           Conj/Fire      #####.       1%          2    None
c - Fireball              Conj/Fire      #####.....   8%          5    #####..

Your spell library contained the following spells:

 Spells                   Type           Power        Failure   Level  Hunger
 Shock                    Conj/Air       ###.         1%          1    None
 Conjure Flame            Conj/Fire      #####...     1%          3    ##.....
 Sticky Flame             Conj/Fire      #####...     2%          4    ####...
 Inner Flame              Hex/Fire       ####....     4%          3    ##.....
 Static Discharge         Conj/Air       ###.....     4%          3    ##.....
 Swiftness                Chrm/Air       #.......     14%         2    None
 Lightning Bolt           Conj/Air       ###.......   41%         5    #####..
 Airstrike                Air            #.........   71%         4    ####...


Dungeon Overview and Level Annotations

Branches:
Dungeon (8/15)             Temple (1/1) D:7
   Lair: D:8-11

Altars:
Ashenzari
Cheibriados
Dithmenos
Elyvilon
Gozag
Hepliaklqana
Kikubaaqudgha
Nemelex Xobeh
Qazlal
Ru
Sif Muna
Trog
Uskayaw
Vehumet
Wu Jian
Xom
Yredelemnul
Zin

Shops:
D:5 }

Annotations:
D:8 exclusions: obsidian statue and orange crystal statue, Erica


Innate Abilities, Weirdness & Mutations

You have very sharp fingernails.
You are partially covered in large bone plates. (SH +4)
You may emit foul miasma when damaged in melee.
You are immune to rotting.
You have a pair of small horns on your head.
Your flesh is cold resistant. (rC+)
Your spells are a little easier to cast, but a little less powerful.


Message History

Erica is heavily wounded.
Erica hits you but does no damage.
Erica looks sick.
You slash Erica!
Erica is severely wounded.
Erica hits you with a scimitar of flaming!
* * * LOW HITPOINT WARNING * * *
Erica burns you.
* * * LOW HITPOINT WARNING * * *
You closely miss Erica.
Erica is severely wounded.
You barely miss Erica.
Erica is severely wounded.
Erica hits you with a scimitar of flaming.
* * * LOW HITPOINT WARNING * * *
You closely miss Erica.
Erica is severely wounded.
Erica points at you and mumbles some strange words.
The bolt of poison hits you!
You are lethally poisoned!
You die...

...............## #.............
..............## #.............
.......(....#..### #.............
...........####..###.............
..........## ##..#............
..........## ##.....###....#
...........# #...#..# ...
.........#.#####.@##.....
......[.##...##.@.#........
.....#####..............##.
###....##..##.............
#.....).###..............
#.###...##.###........### #.#
###.#.## ##....##. #.# #...##
#....# ### ##### ...## .###


You could see Erica.

Vanquished Creatures
  2 two-headed ogres (D:8)
  Pikel (D:7)
  Sigmund (D:5)
  A hungry ghost (D:8)
  3 ice beasts (D:7)
  3 orc warriors
  A phantom (D:7)
  2 sky beasts
  An eye of draining (D:8)
  A black bear (D:6)
  2 ogres
  3 centaurs
  3 bullfrogs
  A scorpion (D:8)
  A wight (D:8)
  2 crimson imps
  A bullfrog zombie (D:8)
  A centaur zombie (D:6)
  A jelly (D:5)
  2 orc priests
  A hound (D:6)
  7 orc wizards
  Crazy Yiuf (D:7)
  Jessica (D:3)
  Terence (D:3)
  4 worker ants
  A killer bee zombie (D:5)
  A hound zombie (D:8)
  8 mummies (Ossuary)
  8 adders
  A shadow imp (D:8)
  An ooze (D:5)
  An adder zombie (D:5)
  5 worms
  An adder skeleton (D:6)
  6 leopard geckos
  22 orcs
  2 ball pythons (D:2)
  6 bats
  4 giant cockroaches
  7 goblins
  7 hobgoblins
  8 jackals
  6 quokkas
  8 frilled lizards
  5 hobgoblin zombies (Ossuary)
  8 kobolds
  2 kobold zombies (Ossuary)
  A leopard gecko skeleton (D:5)
  An orc zombie (Ossuary)
  A rat (D:3)
  A plant (D:1)
170 creatures vanquished.

Vanquished Creatures (others)
  2 slaves (D:7)
  A water moccasin skeleton (D:7)
  A hound skeleton (D:7)
4 creatures vanquished.

Grand Total: 174 creatures vanquished

Notes
Turn   | Place    | Note
-------+----------+-------------------------------------------
     0 | D:1      | Kelyas the Demonspawn Fire Elementalist began the quest for the Orb.
     0 | D:1      | Reached XP level 1. HP: 13/13 MP: 3/3
   121 | D:1      | Gained mutation: You have sharp fingernails. [demonic ancestry]
   121 | D:1      | Reached XP level 2. HP: 19/19 MP: 1/5
   949 | D:2      | Found a basalt altar of Yredelemnul.
   962 | D:2      | Reached XP level 3. HP: 24/25 MP: 3/6
  1060 | D:2      | Reached skill level 1 in Fighting
  1082 | D:2      | HP: 1/26 [orc wizard/magic dart (4)]
  1202 | D:2      | Reached XP level 4. HP: 17/32 MP: 2/7
  1348 | D:2      | Learned a level 2 spell: Throw Flame
  2305 | D:3      | Gained mutation: You are partially covered in large bone plates. (SH +4) [demonic ancestry]
  2305 | D:3      | Reached XP level 5. HP: 32/37 MP: 2/8
  2361 | D:3      | Noticed Jessica
  2370 | D:3      | Killed Jessica
  2524 | D:3      | Noticed Terence
  2638 | D:3      | Killed Terence
  2781 | D:3      | Learned a level 5 spell: Fireball
  3199 | D:4      | Noticed an ogre
  3233 | D:4      | Killed an ogre
  3233 | D:4      | Gained mutation: You are immune to rotting. [demonic ancestry]
  3233 | D:4      | Reached XP level 6. HP: 44/44 MP: 5/10
  4618 | D:4      | Gained mutation: You may emit foul miasma when damaged in melee. [demonic ancestry]
  4618 | D:4      | Reached XP level 7. HP: 45/50 MP: 5/11
  4770 | D:4      | Found a sparkling altar of Nemelex Xobeh.
  4799 | D:4      | Found a shattered altar of Ashenzari.
  5211 | D:5      | Entered Level 5 of the Dungeon
  5400 | D:5      | Reached skill level 5 in Fire Magic
  5518 | D:5      | Noticed Sigmund
  5525 | D:5      | Gained mutation: You occasionally shout uncontrollably at your foes. [potion of mutation]
  5525 | D:5      | Gained mutation: Scrolls take you a little longer to read. [potion of mutation]
  5525 | D:5      | Gained mutation: Your muscles are strong. (Str +2) [potion of mutation]
  5539 | D:5      | Lost mutation: Your muscles are strong. (Str +2) [potion of mutation]
  5539 | D:5      | Lost mutation: Scrolls take you a little longer to read. [potion of mutation]
  5539 | D:5      | Lost mutation: You occasionally shout uncontrollably at your foes. [potion of mutation]
  5539 | D:5      | Gained mutation: Your flesh is heat resistant. (rF+) [potion of mutation]
  5539 | D:5      | Gained mutation: You are dopey. (Int -2) [potion of mutation]
  5539 | D:5      | Lost mutation: Your flesh is heat resistant. (rF+) [potion of mutation]
  5539 | D:5      | Gained mutation: You are agile. (Dex +2) [potion of mutation]
  5614 | D:6      | Lost mutation: You are agile. (Dex +2) [potion of mutation]
  5614 | D:6      | Lost mutation: You are dopey. (Int -2) [potion of mutation]
  5614 | D:6      | Gained mutation: You have a pair of small horns on your head. [potion of mutation]
  5614 | D:6      | Gained mutation: You have a pair of horns on your head. [potion of mutation]
  5614 | D:6      | Gained mutation: You expend magic power (3 MP) to strengthen your wands. [potion of mutation]
  5735 | D:6      | Found a shadowy altar of Dithmenos.
  5745 | D:6      | Found a sand-covered staircase.
  5812 | Ossuary  | Entered an ossuary
  6044 | Ossuary  | Reached skill level 5 in Conjurations
  6163 | Ossuary  | Lost mutation: You expend magic power (3 MP) to strengthen your wands. [potion of mutation]
  6163 | Ossuary  | Lost mutation: You have a pair of horns on your head. [potion of mutation]
  6163 | Ossuary  | Gained mutation: You are dopey. (Int -2) [potion of mutation]
  6163 | Ossuary  | Lost mutation: You are dopey. (Int -2) [potion of mutation]
  6163 | Ossuary  | Gained mutation: Your spells are a little easier to cast, but a little less powerful. [potion of mutation]
  6163 | Ossuary  | Gained mutation: Your flesh is cold resistant. (rC+) [potion of mutation]
  6418 | D:6      | Reached XP level 8. HP: 52/56 MP: 8/13
  7407 | D:5      | Found Neac's Gadget Boutique.
  7583 | D:5      | Killed Sigmund
  8285 | D:7      | Noticed Pikel
  8316 | D:7      | Killed Pikel
  8316 | D:7      | Reached XP level 9. HP: 43/61 MP: 0/16
  8626 | D:7      | Found a runed door.
  8630 | D:7      | Noticed Crazy Yiuf
  8633 | D:7      | Killed Crazy Yiuf
  8727 | D:7      | Reached skill level 5 in Spellcasting
  8952 | D:7      | Found a deep blue altar of Sif Muna.
  9253 | D:7      | Found a staircase to the Ecumenical Temple.
  9264 | Temple   | Entered the Ecumenical Temple
  9400 | Temple   | Became a worshipper of Vehumet
  9792 | D:8      | Noticed an orange crystal statue
  9863 | D:8      | Reached skill level 1 in Shields
  9893 | D:8      | Noticed a two-headed ogre
  9901 | D:8      | Killed a two-headed ogre
 10344 | D:8      | Found a stormy altar of Qazlal.
 10423 | D:8      | Noticed an obsidian statue
 10584 | D:8      | Noticed a two-headed ogre
 10623 | D:8      | Killed a two-headed ogre
 10623 | D:8      | Gained mutation: You have very sharp fingernails. [demonic ancestry]
 10623 | D:8      | Reached XP level 10. HP: 30/67 MP: 7/18
 10837 | D:8      | Noticed Erica
 10855 | D:8      | HP: 2/100 [Erica/scimitar of flaming (12)]
 10858 | D:8      | Killed from afar by Erica

Skill      XL: |  1  2  3  4  5  6  7  8  9 |
---------------+----------------------------+-----
Fire Magic     | 3 4 5 7 8 |  8.4
Conjurations   | 2 3 4 5 7 8 |  8.7
Fighting       | 1 2 |  2.0
Dodging        | 2 3 4 |  4.4
Spellcasting   | 3 4 5 |  5.9
Shields        | 2 |  2.7
Stealth        | |  1.7

Action                   |  1- 3 |  4- 6 |  7- 9 | 10-12 || total
-------------------------+-------+-------+-------+-------++-------
Melee: Unarmed           |     4 |       |       |       ||     4
       Dagger            |     5 |    74 |     7 |       ||    86
       War axe           |       |       |    90 |    22 ||   112
       Headbutt          |       |       |     4 |     1 ||     5
 Cast: Flame Tongue      |    46 |   134 |   168 |    12 ||   360
       Throw Flame       |       |       |    62 |     3 ||    65
  Use: Potion            |     3 |     2 |    10 |     4 ||    19
       Scroll            |       |     5 |    10 |       ||    15
 Stab: Sleeping          |       |     2 |     1 |       ||     3
  Eat: Chunk             |     1 |     9 |    10 |       ||    20
       Ration            |       |     1 |     3 |       ||     4
Armor: Robe              |    11 |    18 |    30 |     1 ||    60
       Skin              |       |       |       |    12 ||    12
Dodge: Dodged            |    69 |    41 |    78 |     4 ||   192
       Deflected         |       |     1 |     3 |       ||     4
Block: Other             |       |    27 |    80 |     6 ||   113
       Reflection        |       |     1 |     2 |       ||     3
